 Dungeon Crawl Stone Soup version 0.30.0-5-g1a98f26d00 (webtiles) character file.

Game seed: 6410021162003232093

15157 H0rd4k the Slicer (level 12, -2/92 HPs)
             Began as a Human Artificer on May 10, 2023.
             Was an Initiate of Gozag.
             Slain by a bog body (7 damage)
             ... in an ice cave.
             The game lasted 00:37:15 (19354 turns).

H0rd4k the Slicer (Human Artificer)                Turns: 19354, Time: 00:37:15

Health: -2/92      AC:  7    Str: 17    XL:     12   Next: 54%
Magic:  21/21      EV: 15    Int: 17    God:    Gozag
Gold:   1003       SH:  0    Dex: 13    Spells: 19/23 levels left

rFire   x . .        q - +10 hand axe of Triumph {spect, rPois Str+4 Stlth+}
rCold   + . .        (no shield)
rNeg    . . .        n - +3 leather armour {Will+}
rPois   +            K - +0 helmet
rElec   .            v - scarf {shadows}
rCorr   .            (no gloves)
SInv    .            (no boots)
Will    +....        (no amulet)
Stlth   ++++         w - +4 ring of slaying
HPRegen 0.35/turn    G - ring of ice
MPRegen 0.17/turn

%: no passive effects
@: no status effects
A: no striking features
a: Renounce Religion, Potion Petition, Call Merchant, Bribe Branch


You were in an ice cave.
You worshipped Gozag.
Gozag was most pleased with you.
You visited 3 branches of the dungeon, and saw 12 of its levels.
You also visited: Ossuary and Ice Cave.

You collected 2192 gold pieces.
You spent 330 gold pieces at shops.
You paid 859 gold pieces to Gozag.

Inventory:

Hand Weapons
 i - a +2 dagger of draining
 k - a +1 dagger of pain
 q - the +10 hand axe of Triumph (weapon) {spect, rPois Str+4 Stlth+}
   (You bought it in a shop on level 10 of the Dungeon)

   Str:       It affects your strength (+4).
   rPois:     It protects you from poison.
   Stlth:     It makes you more stealthy.
 s - the +4 dagger of Doom {freeze, rCorr}
   (You found it on level 1 of the Lair of Beasts)

   rCorr:     It protects you from acid and corrosion.
Missiles
 a - 6 atropa-tipped darts
 t - 22 poisoned darts
 H - 2 curare-tipped darts
 I - a throwing net
Armour
 n - a +3 leather armour of willpower (worn)
 v - a scarf of shadows (worn)
 K - a +0 helmet (worn)
Magical Staves
 E - a staff of earth
Jewellery
 p - the ring "Quorirghe" {Fly Str+2 Int-4 Dex+2}
   (You bought it in a shop on level 10 of the Dungeon)

   [ring of flight]

   Str:       It affects your strength (+2).
   Int:       It affects your intelligence (-4).
   Dex:       It affects your dexterity (+2).
   Fly:       It grants you flight.
 w - a +4 ring of slaying (left hand)
 G - a ring of ice (right hand)
 J - a +6 ring of dexterity
Wands
 u - a wand of charming (6)
 D - a wand of flame (7) (quivered)
 F - a wand of mindburst (4)
 L - a wand of digging (7)
Scrolls
 d - 4 scrolls of amnesia
 e - 7 scrolls of teleportation
 f - 2 scrolls of vulnerability
 l - 3 scrolls of fog
 x - 2 scrolls of fear
 y - a scroll of immolation
 M - a scroll of butterflies {unknown}
Potions
 b - a potion of lignification {unknown}
 c - a potion of magic {unknown}
 g - 5 potions of heal wounds
 h - 6 potions of flight
 j - 11 potions of curing
 m - a potion of resistance
 r - 4 potions of ambrosia
 z - 3 potions of haste {unknown}
 A - 7 potions of degeneration {unknown}
 B - a potion of berserk rage {unknown}
 C - 2 potions of invisibility {unknown}


   Skills:
 + Level 7.9 Fighting
 - Level 9.2 Short Blades
 + Level 6.1(6.2) Axes
 - Level 0.7(3.9) Maces & Flails
 + Level 3.0 Throwing
 - Level 2.0 Armour
 + Level 8.2 Dodging
 + Level 6.9 Stealth
 * Level 6.3 Spellcasting
 * Level 1.5 Summonings
 * Level 1.0 Air Magic
 + Level 6.1 Evocations


You had 19 spell levels left.
You knew the following spells:

 Your Spells              Type           Power      Damage    Failure   Level
a - Summon Lightning Spi  Summ/Air       9%         N/A       65%         4

Your spell library contained the following spells:

 Spells                   Type           Power      Damage    Failure   Level
 Summon Small Mammal      Summ           40%        N/A       8%          1
 Call Imp                 Summ           20%        N/A       12%         2
 Apportation              Tloc           10%        N/A       14%         1
 Magic Dart               Conj           20%        1d4       14%         1
 Necrotise                Necr           20%        1d5       14%         1
 Static Discharge         Conj/Air       14%        2-3/arc   19%         2
 Ensorcelled Hibernation  Hex/Ice        16%        N/A       22%         2
 Sublimation of Blood     Necr           5%         N/A       22%         2
 Mephitic Cloud           Conj/Pois/Air  6%         N/A       36%         3
 Ozocubu's Armour         Ice            8%         N/A       41%         3
 Spider Form              Tmut/Pois      5%         N/A       41%         3
 Vampiric Draining        Necr           5%         2d6       41%         3
 Airstrike                Air            4%         2d(1-17)  67%         4
 Anguish                  Hex/Necr       2%         N/A       82%         4
 Petrify                  Tmut/Erth      5%         N/A       82%         4
 Agony                    Necr           5%         N/A       99%         5
 Irradiate                Conj/Tmut      2%         3d12      99%         5
 Metabolic Englaciation   Hex/Ice        4%         N/A       99%         5
 Simulacrum               Ice/Necr       Unusable   N/A       N/A         6

Dungeon Overview and Level Annotations

Branches:
Dungeon (10/15)            Temple (1/1) D:4            Lair (1/5) D:10
    Orc (0/2) D:9         Ossuary (visited)           IceCv (1/1)

Altars:
Ashenzari
Cheibriados
Dithmenos
Elyvilon
Fedhas
Gozag
Hepliaklqana
Kikubaaqudgha
Makhleb
Nemelex Xobeh
Okawaru
Qazlal
Ru
Sif Muna
Trog
Uskayaw
Vehumet
Wu Jian
Xom
Yredelemnul
Zin
The Shining One

Shops:
D:5 *   D:10 *(

Annotations:
D:3 exclusion: 2 downstairs
D:4 1 exclusion
D:8 exclusion: 2 downstairs
D:9 2 transporters, exclusion: ugly thing, kthxbai's ghost, journeyman VSFi


Message History

You now have enough gold to fund merchants seeking to open stores in the dungeon.
You now have 1003 gold pieces (gained 4).
Saving game... please wait.
Welcome back, H0rd4k the Human Artificer.
Gozag says: Greed is good.
Press ? for a list of commands and other information.
You hit the dire elephant simulacrum.
The dire elephant simulacrum is lightly damaged.
Your +10 hand axe of Triumph {spect, rPois Str+4 Stlth+} hits the dire elephant simulacrum!
The dire elephant simulacrum tramples you!!
You hold your ground!
The dire elephant simulacrum closely misses you.
You hit the dire elephant simulacrum.
The dire elephant simulacrum is heavily damaged.
Your +10 hand axe of Triumph {spect, rPois Str+4 Stlth+} hits the dire elephant simulacrum!
A cane toad simulacrum comes into view.
The dire elephant simulacrum tramples you!!
You hold your ground!
The dire elephant simulacrum trunk-slaps you.
The dire elephant simulacrum freezes you!!
You resist.
* * * LOW HITPOINT WARNING * * *
You slash the dire elephant simulacrum!
The dire elephant simulacrum is severely damaged.
Your +10 hand axe of Triumph {spect, rPois Str+4 Stlth+} hits the dire elephant simulacrum but does no damage.
Your +10 hand axe of Triumph {spect, rPois Str+4 Stlth+} barely misses the bog body.
Your +10 hand axe of Triumph {spect, rPois Str+4 Stlth+} hits the cane toad simulacrum but does no damage.
The dire elephant simulacrum tramples you.
* * * LOW HITPOINT WARNING * * *
You hold your ground!
The dire elephant simulacrum trunk-slaps you but does no damage.
Blink to where?
Press: ? - help, Dir - move target
As you read the scroll of blinking, it crumbles to dust.
Your +10 hand axe of Triumph {spect, rPois Str+4 Stlth+} disappears.
The bog body attacks as you move away! The bog body touches you.
* * * LOW HITPOINT WARNING * * *
The bog body freezes you! You resist.
You die...
Your body crumbles into a pile of gold.

## #### ##.# ##.○##
### #...###..☼○###
##.##
$#....#.###§#§###.#.#
...ZZ.#@###§§○##.#.##
#Zn#.###§§§§####
##§##.#§☼##..##
#####.##§###...#
##..#.######....#
#......# #.....##
##.##.⌠.# ##..#...#
#..##..[# #..###..##
#.####.####.## ##..#


You could see a bog body and a dire elephant simulacrum.

Vanquished Creatures
  3 two-headed ogres
  A bog body (IceCv)
  The ghost of Mandevil the Fighter, a novice OgFi of Cheibriados (D:5)
  2 cyclopes (D:9)
  A manticore (D:9)
  A cane toad (Lair:1)
  An ice statue (IceCv)
  2 komodo dragons (D:10)
  A freezing wraith (IceCv)
  A troll (D:9)
  3 meliai (D:10)
  A hornet (D:9)
  The ghost of WasteTime5 the Cutter, an amateur DjGl (D:4)
  Sigmund (D:3)
  A wraith (D:9)
  A shadow (D:9)
  7 yaks
  2 basilisks (D:10)
  5 steam dragons
  Edmund (D:5)
  An acid dragon (D:8)
  A water moccasin (D:7)
  A hydra simulacrum (IceCv)
  An orc warrior (D:8)
  A swamp drake (D:10)
  An ice beast (D:3)
  3 black bears
  2 ogres
  5 wolves (Lair:1)
  4 centaurs
  3 phantoms
  5 kobold brigands
  4 bullfrogs
  A wyvern zombie (D:5)
  2 gnoll sergeants
  3 two-headed ogre simulacra (IceCv)
  2 cane toad simulacra (IceCv)
  4 scorpions
  A water moccasin zombie (Ossuary)
  5 wights
  3 elephant simulacra (IceCv)
  20 killer bees
  2 howler monkeys (D:9)
  2 centaur zombies (Ossuary)
  4 hounds
  3 jellies
  A bullfrog zombie (Ossuary)
  2 orc priests
  2 sleepcaps
  Jessica (D:2)
  Natasha (thrice) (D:2)
  A bullfrog skeleton (D:5)
  4 iguanas
  4 orc wizards
  2 scorpion zombies (Ossuary)
  A spriggan simulacrum (IceCv)
  11 troll simulacra (IceCv)
  4 wolf simulacra (IceCv)
  An ogre zombie (Ossuary)
  Robin (D:2)
  A howler monkey skeleton (D:5)
  18 gnolls
  3 naga simulacra (IceCv)
  5 adders
  A shadow imp (D:6)
  8 white imps
  6 ufetubi
  A worm zombie (D:5)
  2 adder zombies (Ossuary)
  5 dart slugs
  18 orcs
  7 endoplasms
  2 giant cockroaches
  15 hobgoblins
  7 jackals
  13 kobolds
  5 quokkas
  6 ball pythons
  4 bats
  7 gnoll zombies (Ossuary)
  16 goblins
  A goblin zombie (Ossuary)
  2 hobgoblin zombies (Ossuary)
  2 orc zombies (Ossuary)
  4 rats
318 creatures vanquished.

Vanquished Creatures (collateral kills)
  An orc (D:6)
1 creature vanquished.

Vanquished Creatures (others)
  A wraith (D:7)
  A black bear (D:5)
  A phantom (D:7)
  A water moccasin zombie (Ossuary)
  A howler monkey (D:9)
  An orc wizard (D:6)
6 creatures vanquished.

Grand Total: 325 creatures vanquished

Notes
Turn   | Place    | Note
-------+----------+-------------------------------------------
     0 | D:1      | H0rd4k the Human Artificer began the quest for the Orb.
     0 | D:1      | Reached XP level 1. HP: 15/15 MP: 1/1
   140 | D:1      | Reached XP level 2. HP: 13/21 MP: 2/2
   440 | D:1      | Reached XP level 3. HP: 5/26 MP: 3/3
   795 | D:1      | Found a faded altar of an unknown god.
  1119 | D:2      | Noticed Jessica
  1127 | D:2      | Killed Jessica
  1128 | D:2      | Reached skill level 1 in Short Blades
  1128 | D:2      | Reached XP level 4. HP: 2/32 MP: 4/4
  1699 | D:2      | Noticed Robin
  1707 | D:2      | Killed Robin
  1708 | D:2      | Reached XP level 5. HP: 31/38 MP: 5/5
  1733 | D:2      | Found an ornate altar of the Wu Jian Council.
  1739 | D:2      | Noticed Natasha
  1749 | D:2      | Killed Natasha
  2090 | D:2      | Noticed Natasha
  2100 | D:2      | Killed Natasha
  2101 | D:2      | Reached skill level 2 in Short Blades
  2290 | D:2      | Noticed Natasha
  2298 | D:2      | Killed Natasha
  2481 | D:3      | Found a glowing golden altar of the Shining One.
  2687 | D:3      | Reached XP level 6. HP: 44/44 MP: 6/6
  2723 | D:3      | Noticed Sigmund
  2726 | D:3      | Killed Sigmund
  2727 | D:3      | Reached skill level 3 in Short Blades
  2737 | D:3      | Reached XP level 7. HP: 51/51 MP: 7/7
  3033 | D:3      | Found a stormy altar of Qazlal.
  3163 | D:3      | Found a broken altar of Ashenzari.
  3394 | D:4      | Found a staircase to the Ecumenical Temple.
  3405 | Temple   | Entered the Ecumenical Temple
  3760 | D:4      | Found an ornate altar of the Wu Jian Council.
  3972 | D:4      | Found a glowing silver altar of Zin.
  4025 | D:4      | Reached skill level 4 in Short Blades
  4093 | D:4      | Found a runed translucent gate.
  4093 | D:4      | Found a runed translucent gate.
  4093 | D:4      | Found a runed translucent gate.
  4093 | D:4      | Noticed WasteTime5's ghost (amateur DjGl)
  4603 | D:4      | Reached XP level 8. HP: 24/58 MP: 8/8
  5231 | D:5      | Entered Level 5 of the Dungeon
  5239 | D:5      | Found Wedom's Assorted Antiques.
  5286 | D:5      | Found a runed translucent gate.
  5286 | D:5      | Found a runed translucent gate.
  5286 | D:5      | Found a runed translucent gate.
  5313 | D:5      | Found a sand-covered staircase.
  5449 | Ossuary  | Entered an ossuary
  5825 | Ossuary  | Reached skill level 5 in Short Blades
  5835 | Ossuary  | Reached skill level 1 in Spellcasting
  5878 | Ossuary  | Noticed a silent spectre
  5979 | D:5      | Found a basalt altar of Yredelemnul.
  6096 | D:5      | Found a hide-covered altar of Uskayaw.
  6343 | D:5      | Found an opulent altar of Gozag.
  6343 | D:5      | Noticed Edmund
  6375 | D:5      | Became a worshipper of Gozag Ym Sagoz the Greedy
  6391 | D:5      | Killed Edmund
  6392 | D:5      | Reached XP level 9. HP: 58/65 MP: 12/12
  6438 | D:5      | Found an iron altar of Okawaru.
  6841 | D:5      | Noticed Mandevil's ghost (novice OgFi)
  7017 | D:6      | Reached skill level 6 in Short Blades
  7378 | D:6      | Reached skill level 1 in Throwing
  7378 | D:6      | Reached skill level 5 in Dodging
  7378 | D:6      | Reached skill level 5 in Evocations
  7635 | D:6      | Noticed a two-headed ogre
  7904 | D:7      | You fall into a shaft and drop 2 floors!
  7904 | D:9      | Found a radiant altar of Vehumet.
  8218 | D:9      | Noticed a hornet
  8259 | D:9      | Killed a hornet
  8343 | D:9      | Found a transporter.
  8372 | D:9      | Noticed a troll
  8373 | D:9      | Found a transporter.
  8376 | D:9      | Noticed a troll
  8382 | D:9      | Noticed kthxbai's ghost (journeyman VSFi)
  8383 | D:9      | Noticed a wizard
  8403 | D:9      | Found a staircase to the Orcish Mines.
  8471 | D:9      | Noticed a cyclops
  8567 | D:9      | Noticed a manticore
  8783 | D:7      | Reached XP level 10. HP: 73/73 MP: 15/15
  8983 | D:7      | Reached skill level 5 in Fighting
  9224 | D:7      | Reached skill level 7 in Short Blades
  9337 | D:7      | Reached skill level 5 in Stealth
 11391 | D:8      | Reached skill level 8 in Short Blades
 11404 | D:8      | Reached skill level 5 in Spellcasting
 11406 | D:8      | HP: 1/76 [yak (14)]
 11880 | D:8      | Noticed a two-headed ogre
 11888 | D:8      | Killed a two-headed ogre
 11889 | D:8      | Reached XP level 11. HP: 70/81 MP: 18/18
 13160 | D:9      | Noticed a cyclops
 13169 | D:9      | Noticed a cyan ugly thing
 13170 | D:9      | Killed a cyclops
 13183 | D:10     | Entered Level 10 of the Dungeon
 13934 | D:10     | Found Yrebadaoni's Assorted Antiques.
 13938 | D:10     | Bought a scorched glass ring for 130 gold pieces
 13938 | D:10     | Identified the ring "Quorirghe" {Fly Str+2 Int-4 Dex+2}
                  | (You bought it in a shop on level 10 of the Dungeon)
 14169 | D:10     | Reached skill level 9 in Short Blades
 14316 | D:10     | Noticed a two-headed ogre
 14407 | D:10     | Killed a two-headed ogre
 14513 | D:10     | Found a staircase to the Lair.
 14849 | D:10     | Bought a translucent hand axe for 200 gold pieces
 14849 | D:10     | Identified the +10 hand axe of Triumph {spect, rPois Str+4
                  | Stlth+} (You bought it in a shop on level 10 of the
                  | Dungeon)
 15081 | D:9      | Reached skill level 1 in Axes
 15284 | D:9      | Identified the +5 ring mail "Kekh" {rElec Will- rCorr
                  | Str-4}
 15341 | D:9      | Killed a manticore
 15555 | D:9      | Killed a cyclops
 16085 | D:4      | Killed WasteTime5's ghost
 16195 | D:5      | Killed Mandevil's ghost
 16196 | D:5      | Reached XP level 12. HP: 47/91 MP: 21/21
 16370 | D:6      | Killed a two-headed ogre
 16888 | D:10     | Reached skill level 5 in Axes
 17139 | Lair:1   | Entered Level 1 of the Lair of Beasts
 17276 | Lair:1   | Identified the +4 dagger of Doom {freeze, rCorr}
 17352 | Lair:1   | Found a frozen archway.
 17381 | Lair:1   | Learned a level 4 spell: Summon Lightning Spire
 17387 | IceCv    | Entered an ice cave
 18797 | IceCv    | Reached skill level 1 in Summonings
 18950 | IceCv    | Reached skill level 1 in Air Magic
 19354 | IceCv    | Slain by a bog body

Illustrated notes

Levels and vault maps discovered:
D:1:      ncdulo_watergridlock, layout_loops_cross,
          dilly_ecumenical_altar_fadedgnrine
D:2:      layout_basic, basic_altar, uniq_natasha, uniq_robin, uniq_jessica
D:3:      layout_basic, ashenzari_conservatory_becter,
          nicolae_qazlal_eye_of_the_storm, lemuel_crystal_altar,
          kennysheep_generic_room_13, uniq_sigmund
D:4:      layout_gridville, zin_scriptorium,
          mainiacjoe_overflow_six_doors_small, minmay_temple_entry_grid,
          ebering_ghost_rock_garden
D:5:      layout_basic, mainiacjoe_overflow_concentric_impassable,
          yredelemnul_altar_generic, old_standard_altar,
          okawaru_ov_weapons_minmay, enter_ossuary_3, serial_shops,
          nicolae_shop_tiny_glass, gammafunk_ghost_necromancy, uniq_edmund
D:6:      layout_layer_cave
D:7:      cheibrodos_barr_body, layout_loops_corners
D:8:      layout_gridville, kennysheep_big_empty_room
D:9:      layout_roguey, vehumet_crystals, orc_0_dummy, nzn_ghost_randoct,
          minmay_fractal_squares_gapless_7
D:10:     layout_roguey, erik_lair_dragon, serial_aquarium,
          aquarium_bridge_square [aquarium_subvault_bridge,
          aquarium_subvault_bridge, aquarium_subvault_wall,
          aquarium_subvault_window], aquarium_window_fake, aquarium_window_1,
          aquarium_window_double, aquarium_view_2a, serial_shops,
          nicolae_shop_dealshenge
Temple:   nicolae_temple_slightly_damp_pantheon
Lair:1:   layout_misc_corridors, portal_ice_cave_entry_pillars_2
IceCv:    ice_cave_caverns_01

Skill      XL: |  1  2  3  4  5  6  7  8  9 10 11 12 |
---------------+-------------------------------------+-----
Evocations     | 4 5 6 |  6.1
Short Blades   | 1 2 3 4 5 6 8 9 |  9.2
Dodging        | 2 3 4 5 6 7 8 |  8.2
Fighting       | 2 3 4 6 7 |  7.9
Stealth        | 2 3 4 5 6 |  6.9
Spellcasting   | 2 3 5 6 |  6.3
Throwing       | 1 2 3 |  3.0
Axes           | 3 6 |  6.1
Summonings     | 1 |  1.5
Air Magic      | 1 |  1.0
Maces & Flails | |  0.7
Armour         | |  2.0

Action                     |  1- 3 |  4- 6 |  7- 9 | 10-12 || total
---------------------------+-------+-------+-------+-------++-------
  Melee: Club              |    25 |       |       |       ||    25
         Dagger            |    84 |   135 |   574 |   414 ||  1207
         Punch             |     2 |     1 |    15 |    14 ||    32
         Hand axe          |       |       |       |   189 ||   189
  Throw: Dart              |       |       |    11 |    21 ||    32
 Invoke: Call Merchant     |       |       |       |     1 ||     1
  Evoke: Wand              |     2 |     9 |    26 |    19 ||    56
    Use: Scroll            |       |       |     7 |    13 ||    20
         Potion            |       |       |     1 |       ||     1
   Stab: Sleeping          |     1 |     1 |     2 |     9 ||    13
         Invisible         |       |       |     2 |       ||     2
         Distracted        |       |       |     1 |     6 ||     7
         Confused          |       |       |       |     1 ||     1
 Armour: Leather armour    |    21 |    20 |    90 |    96 ||   227
  Dodge: Dodged            |    50 |    61 |   294 |   365 ||   770
